 Dungeon Crawl Stone Soup version 0.30.1-11-g7821555f0a (webtiles) character file.

Game seed: 11958416330502053079

128 GregorKastrin the Shooter (level 5, -4/39 HPs)
             Began as a Human Hunter on Dec 23, 2023.
             Slain by an orc priest
             ... wielding a +0 war axe
              (5 damage)
             ... on level 4 of the Dungeon.
             The game lasted 00:04:30 (608 turns).

GregorKastrin the Shooter (Human Hunter)             Turns: 608, Time: 00:04:31

Health: -4/39      AC:  3    Str: 12    XL:     5   Next: 34%
Magic:  5/5        EV: 12    Int: 11    God:
Gold:   75         SH:  0    Dex: 16    Spells: 4/4 levels left

rFire   . . .        a - +0 shortbow (freeze)
rCold   . . .        (shield currently unavailable)
rNeg    . . .        c - +0 leather armour
rPois   .            (no helmet)
rElec   .            (no cloak)
rCorr   .            (no gloves)
SInv    .            (no boots)
Will    .....        (no amulet)
Stlth   ++           (no ring)
HPRegen 0.26/turn    (no ring)
MPRegen 0.09/turn

%: no passive effects
@: no status effects
A: no striking features
a: no special abilities


You were on level 4 of the Dungeon.
You visited 1 branch of the dungeon, and saw 4 of its levels.

You collected 75 gold pieces.

Inventory:

Hand Weapons
 a - a +0 shortbow of freezing (weapon)
Missiles
 e - 4 atropa-tipped darts
Armour
 c - a +0 leather armour (worn)
Scrolls
 b - 3 scrolls of immolation
 g - a scroll of teleportation
Potions
 d - a potion of berserk rage


   Skills:
 * Level 2.5 Fighting
 * Level 5.4 Ranged Weapons
 * Level 1.1 Armour
 * Level 2.3 Dodging
 * Level 1.7 Stealth


You had 4 spell levels left.
You didn't know any spells.
Your spell library was empty.

Dungeon Overview and Level Annotations

Branches:
Dungeon (4/15)
 Temple: D:4-7

Altars:

Shops:
D:1 (


Message History

The orc priest looks encouraged for a moment.
The orc wizard gestures at you while chanting.
You resist with some effort.
You bump into the rock wall.
The orc priest drinks a potion.
The orc priest flickers and vanishes!
Deactivating autopickup; reactivate with Ctrl-A.
You feel less confused.
The orc wizard hits you with a +0 dagger.
Found 8 stones.
You shoot an arrow. The arrow misses the orc wizard.
The arrow hits the orc!
The arrow freezes the orc.
You kill the orc!
The orc wizard hits you with a +0 dagger.
You shoot an arrow. The arrow hits the orc wizard.
The arrow freezes the orc wizard.
The orc wizard is lightly wounded.
The orc wizard barely misses you. Something hits you.
The orc wizard hits you with a +0 dagger.
You shoot an arrow. The arrow hits the orc wizard.
The arrow freezes the orc wizard.
The orc wizard is heavily wounded.
The orc wizard hits you with a +0 dagger.
You hear something mumble some strange prayers to Beogh against the orc wizard.
The orc wizard is healed somewhat.
You hear an angry hiss.
You shoot an arrow. The arrow hits the orc wizard.
The arrow freezes the orc wizard.
The orc wizard is severely wounded.
The orc wizard hits you with a +0 dagger.
The orc wizard closely misses you. Something hits you!
* * * LOW HITPOINT WARNING * * *
You shoot an arrow. The arrow hits the orc wizard.
The arrow freezes the orc wizard.
The orc wizard is almost dead.
The orc wizard points at you and mumbles some strange words.
The puff of flame hits you.
* * * LOW HITPOINT WARNING * * *
Something hits you.
You die...

#............†...
#................
#(......#.######.
#.......#.# #.
#.........# #.
#######.### #<
#.....# #.
####.####### #.
#@..)......# #.
#o##.#..#..# ..
#.##.#........ ..
..(..#.....#.#
.##
##.###.........
#.# ......#.# #..
.....#.# # ###
#.##.... #. ##.##


You could see an orc wizard.

Vanquished Creatures
  A jelly (D:4)
  A hound (D:4)
  2 adders (D:2)
  A gnoll (D:3)
  A worm (D:3)
  3 dart slugs
  An orc (D:4)
  2 endoplasms
  A giant cockroach (D:4)
  3 goblins
  4 hobgoblins
  2 kobolds
  4 quokkas
  4 bats
  2 frilled lizards
  2 rats
34 creatures vanquished.

Notes
Turn   | Place    | Note
-------+----------+-------------------------------------------
     0 | D:1      | GregorKastrin the Human Hunter began the quest for the Orb.
     0 | D:1      | Reached XP level 1. HP: 16/16 MP: 1/1
    51 | D:1      | Reached XP level 2. HP: 20/22 MP: 2/2
    70 | D:1      | Found Tamenwub's Weapon Shoppe.
   259 | D:2      | Reached XP level 3. HP: 27/27 MP: 3/3
   357 | D:3      | Reached XP level 4. HP: 33/33 MP: 4/4
   380 | D:3      | Reached skill level 5 in Ranged Weapons
   553 | D:4      | Reached skill level 1 in Armour
   553 | D:4      | Reached XP level 5. HP: 39/39 MP: 5/5
   608 | D:4      | HP: 1/39 [orc wizard/puff of flame (6)]
   608 | D:4      | Slain by an orc priest

Illustrated notes

Levels and vault maps discovered:
D:1:      nicolae_arrival_memento_mori, layout_loops_ring, serial_shops,
          nicolae_diamond_shop, kennysheep_small_spiral, minmay_tromino_i2
D:2:      layout_loops_ring, dreamdust_princess_corridor, uniq_terence,
          uniq_natasha, uniq_robin
D:3:      layout_loops_ring, serial_shops, shop,
          corexii_item_surrounded_by_moat, grunt_ministairs_1,
          minmay_misc_feat_room
D:4:      layout_loops_cross, gup_sewer_entry_spiral, grunt_ministairs_7

Skill      XL: |  1  2  3  4 |
---------------+-------------+-----
Ranged Weapons | 5 |  5.4
Armour         | 1 |  1.1
Fighting       | |  2.5
Dodging        | |  2.3
Stealth        | |  1.7

Action                     |  1- 3 |  4- 6 || total
---------------------------+-------+-------++-------
  Melee: Shortbow          |       |     1 ||     1
   Fire: Shortbow          |    88 |    33 ||   121
    Use: Scroll            |     5 |     1 ||     6
 Armour: Leather armour    |    12 |    10 ||    22
  Dodge: Dodged            |    33 |    28 ||    61
